Map: 카이로스 정션 - 래더

Players

herO

  • Race: Protoss Protoss
  • League: Grandmaster
  • Spawn Location: 11:00

aLive - Winner!

  • Race: Terran Terran
  • League: Grandmaster
  • Spawn Location: 5:00

Event: IEM Season 13 - Katowice Server Qualifiers Asia 1

VOD

Have the link to the VOD?

Description

Time

  • Played on: Jan. 14, 2019, 5:09 a.m.
  • Length: 8:19

All games in this series

Show
View Real Time Build Order
Export as new Build Order

herO Protoss 

Build Orders:  

Get SALT Encoding   

  12  0:00  Probe  
  13  0:12  Probe  
  14  0:17  Pylon  
  14  0:23  Probe  
  15  0:31  Probe  
  15  0:38  Gateway  
  15  0:40  Probe  
  16  0:48  Assimilator  
  17  0:51  Probe  
  18  0:58  Assimilator  
  18  1:03  Probe  
  19  1:06  Pylon  
  19  1:15  Probe  
  20  1:25  Cybernetics Core  
  20  1:27  Zealot  
  20  1:29  Probe  
  23  1:41  Probe  
  23  1:42  Warp Gate  
  24  1:51  Stalker  
  24  1:53  Probe  
  25  2:05  Probe  
  27  2:10  Robotics Facility  
  27  2:21  Stalker  
  29  2:40  Gateway  
  29  2:42  Gateway  
  29  2:51  Stalker  
  31  3:05  Pylon  
  31  3:22  Warp Prism  
  33  3:32  Shield Battery  
  33  3:41  Pylon  
  33  3:44  Stalker x3  
  39  3:49  Pylon  
  38  4:09  Stalker x2  
  42  4:10  Stalker  
  42  4:13  Observer  
  42  4:42  Stalker x2  
  46  4:46  Pylon  
  46  4:51  Probe  
  45  5:13  Nexus  
  45  5:28  Immortal  
  39  5:39  Observer  
  43  5:48  Sentry  
  45  5:54  Pylon  
  45  5:57  Immortal  
  48  6:25  Zealot x2  
  52  6:26  Zealot  
  52  6:28  Warp Prism  
  56  6:52  Zealot x2  
  60  7:01  Zealot  
  62  7:21  Zealot x2  
  62  7:22  Zealot  
  62  7:47  Zealot x3  
  54  8:03  Probe x2  
Show
View Real Time Build Order
Export as new Build Order

aLive Terran - Winner!

Build Orders: 1/1/1, Widow Mine Drop 

Get SALT Encoding   

  12  0:00  SCV  
  13  0:12  SCV  
  14  0:16  Supply Depot  
  14  0:24  SCV  
  15  0:38  SCV  
  15  0:39  Barracks  
  16  0:44  Refinery  
  16  0:50  SCV  
  16  0:55  Refinery  
  17  1:02  SCV  
  18  1:14  SCV  
  19  1:27  Marine  
  19  1:28  Orbital Command  
  20  1:34  Factory  
  20  1:49  Reaper  
  20  1:50  Supply Depot  
  21  1:55  SCV  
  22  2:07  SCV  
  23  2:19  Widow Mine, Starport  
  23  2:20  SCV  
  26  2:30  Supply Depot  
  26  2:32  SCV  
  27  2:43  Widow Mine, Barracks Reactor  
  29  2:44  SCV  
  30  2:54  Medivac  
  30  2:56  SCV  
  33  3:04  Widow Mine  
  36  3:14  Command Center  
  36  3:19  Supply Depot  
  35  3:25  Marine x2  
  37  3:29  SCV  
  38  3:42  SCV  
  38  3:44  Marine x2, Starport Tech Lab  
  38  3:45  Supply Depot  
  38  3:48  Factory Tech Lab  
  42  4:04  Raven  
  42  4:06  Bunker  
  42  4:07  Siege Tank  
  46  4:10  Marine x2  
  46  4:26  Orbital Command  
  46  4:27  Marine  
  46  4:28  Marine  
  47  4:40  Siege Tank  
  47  4:45  Marine x2  
  49  4:52  Viking  
  52  5:02  SCV  
  52  5:03  Marine x2  
  55  5:13  Supply Depot  
  55  5:14  Siege Tank  
  55  5:21  Marine x2  
  57  5:22  SCV x2  
  55  5:37  Orbital Command  
  55  5:43  SCV  
  54  5:51  Siege Tank  
  54  5:52  Starport Reactor  
  54  5:53  Barracks  
  54  5:55  Barracks  
  57  5:58  SCV  
  57  6:04  SCV  
  59  6:11  SCV  
  60  6:16  SCV  
  60  6:17  Stimpack  
  61  6:22  Refinery  
  61  6:23  Supply Depot  
  61  6:25  Supply Depot  
  61  6:28  SCV  
  62  6:34  SCV  
  62  6:38  Factory Reactor  
  62  6:39  Barracks  
  63  6:40  Barracks, SCV  
  63  6:46  SCV  
  66  6:47  Marauder  
  66  6:52  SCV  
  67  6:56  Engineering Bay  
  67  6:57  Supply Depot  
  67  6:59  SCV  
  67  7:04  Marine x2, Marauder, SCV  
  67  7:05  Medivac x2  
  78  7:08  Marauder  
  78  7:10  Supply Depot x2  
  78  7:11  SCV  
  79  7:16  SCV  
  79  7:22  Marine x2  
  80  7:23  Widow Mine x2  
  80  7:28  Refinery, Barracks Reactor  
  86  7:30  Barracks Tech Lab  
  86  7:35  SCV x2  
  88  7:40  Marine x2  
  88  7:41  Marauder x2  
  79  7:53  Marine  
  79  7:54  Widow Mine x2  
  79  7:57  SCV  
  68  7:58  Marine x2  

Tags
 
Add a new tag
Caveats
  • Supply blocks, unpowered buildings, or Contaminate may cause inaccurate times.
  • Supply counts are checked every 10 seconds.